 Dungeon Crawl Stone Soup version 0.28.0 (webtiles) character file.

Game seed: 7510997346260954867

18 Hasart the Skirmisher (level 2, 0/25 HPs)
             Began as a Demigod Fighter on Feb 16, 2022.
             Succumbed to an adder's poison
             ... on level 1 of the Dungeon.
             The game lasted 00:01:55 (993 turns).

Hasart the Skirmisher (Demigod Fighter)              Turns: 993, Time: 00:01:56

Health: 0/25       AC:  7    Str: 17    XL:     2   Next: 36%
Magic:  4/4        EV:  9    Int: 10    God:
Gold:   34         SH:  4    Dex: 13    Spells: 1/1 levels left

rFire   . . .      SeeInvis .   a - +0 war axe
rCold   . . .      Faith    .   c - +0 buckler
rNeg    . . .      Spirit   .   b - +0 scale mail
rPois   .          Reflect  .   (no helmet)
rElec   .          Harm     .   (no cloak)
rCorr   .          Rampage  .   l - +0 pair of gloves
Will    .....                   (no boots)
Stlth   ..........              (no amulet)
HPRegen 0.08/turn               (no ring)
MPRegen 0.09/turn               (no ring)

@: lethally poisoned (0 -> -3)
A: high MP 1, forlorn, divine attributes
a: no special abilities


You were on level 1 of the Dungeon.
You visited 1 branch of the dungeon, and saw 2 of its levels.

You collected 34 gold pieces.

Inventory:

Hand Weapons
 a - a +0 war axe (weapon)
Armour
 b - a +0 scale mail (worn)
 c - a +0 buckler (worn)
 l - a +0 pair of gloves (worn)
Jewellery
 k - a +6 ring of intelligence
Scrolls
 h - a scroll of teleportation {unknown}
 i - a scroll of fog {unknown}
Potions
 d - a potion of might
 e - 2 potions of resistance {unknown}
 f - a potion of attraction {unknown}
 g - a potion of brilliance {unknown}
 j - 2 potions of heal wounds {unknown}


   Skills:
 + Level 2.8 Fighting
 * Level 2.1 Axes
 + Level 2.8 Armour
 + Level 0.6 Dodging
 + Level 2.8 Shields


You had one spell level left.
You didn't know any spells.
Your spell library contained the following spells:

 Spells                   Type           Power      Damage    Failure   Level
 Dazzling Flash           Conj/Hex       0%         N/A       99%         3
 Iskenderun's Mystic Bla  Conj/Tloc      0%         2d3       100%        4
 Starburst                Conj/Fire      0%         6d3       100%        6


Dungeon Overview and Level Annotations

Branches:
Dungeon (2/15)


Innate Abilities, Weirdness & Mutations

You have an increased reservoir of magic. (+10% MP)
You shall have no god before yourself.
Your divine heritage dramatically boosts your attributes as you level up.


Message History

You hit the adder but do no damage.
The adder is lightly wounded.
The adder closely misses you. The adder bites you but does no damage.
You slash the adder!
The adder is almost dead.
The adder bites you but does no damage. You block the adder's attack.
You miss the adder.
The adder is almost dead.
The adder closely misses you. The adder bites you.
You are poisoned.
The adder poisons you!
You closely miss the adder.
The adder is almost dead.
You feel very sick. The adder barely misses you.
The adder bites you but does no damage.
You closely miss the adder.
The adder is almost dead.
You feel sick. The adder bites you but does no damage.
The adder barely misses you.
You closely miss the adder.
The adder is almost dead.
You feel sick. The adder bites you but does no damage.
You block the adder's attack.
You miss the adder.
The adder is almost dead.
You feel sick. The adder bites you but does no damage. The adder bites you.
* * * LOW HITPOINT WARNING * * *
You are lethally poisoned!
The adder poisons you!
You closely miss the adder.
The adder is almost dead.
* * * LOW HITPOINT WARNING * * *
You feel sick. The adder closely misses you.
You completely miss the adder.
The adder is almost dead.
* * * LOW HITPOINT WARNING * * *
You feel sick. You block the adder's attack. The adder closely misses you.
You miss the adder.
The adder is almost dead.
You die...

#....#...#
#.#
#..รท.#...#
########.#
#....#...#
#........#
###'##...#
#.########
'...#....#
#.#
#.###....#
#.#
#.##..#..#
#.#
..##.....#
#.#
.##...##.#
#@#
.##.####.#
#S# ##..#
#.#
#####w###
#..#####.#
#)...l>.#
.........#
#.......#
.######.>#
#.......# ##
#....#
#.......#
#.#.##
#.......####
#.#.#
#.......)..#


You could see a worm, an adder and a frilled lizard.

Vanquished Creatures
  2 ball pythons (D:1)
  7 endoplasms (D:1)
  2 goblins (D:1)
  A hobgoblin (D:1)
  A quokka (D:1)
  A frilled lizard (D:1)
  2 rats (D:1)
16 creatures vanquished.

Notes
Turn   | Place    | Note
-------+----------+-------------------------------------------
     0 | D:1      | Hasart the Demigod Fighter began the quest for the Orb.
     0 | D:1      | Reached XP level 1. HP: 18/18 MP: 3/3
   468 | D:1      | Reached XP level 2. HP: 25/25 MP: 4/4
   992 | D:1      | HP: 1/25 [poisoned by an adder]
   993 | D:1      | Succumbed to an adder's poison

Illustrated notes

Levels and vault maps discovered:
D:1:      arrival_zaba_pyramid, layout_loops_ring, ebering_ecumenical_altar_box,
          minmay_box_of_dots
D:2:      layout_basic, serial_shops, shop_fountains, minmay_heptomino_d4,
          uniq_robin, uniq_sigmund, uniq_crazy_yiuf_cottage

Skill      XL: |  1 |
---------------+----+-----
Axes           | 2 |  2.1
Fighting       | |  2.8
Armour         | |  2.8
Dodging        | |  0.6
Shields        | |  2.8

Action                   || total
-------------------------++-------
Melee: War axe           ||    57
Armor: Scale mail        ||    28
Dodge: Dodged            ||    36
Block: Buckler           ||    10
